 Dungeon Crawl Stone Soup version 0.26.1-11-gd32895ea62 (webtiles) character file.

Game seed: 16678487427092314726

80 Zeld the Charlatan (level 4, -3/36 HPs)
             Began as a Draconian Artificer on June 6, 2021.
             Slain by an adder (4 damage)
             ... on level 2 of the Dungeon.
             The game lasted 00:01:50 (2106 turns).

Zeld the Charlatan (Draconian Artificer)            Turns: 2106, Time: 00:01:50

Health: -3/36      AC:  5    Str: 16    XL:     4   Next: 18%
Magic:  4/4        EV: 12    Int: 11    God:
Gold:   49         SH:  0    Dex: 11    Spells: 3/3 levels left

rFire    . . .     SeeInvis .   a - +0 club
rCold    . . .     Faith    .   (no shield)
rNeg     . . .     Spirit   .   (armour unavailable)
rPois    .         Reflect  .   (helmet restricted)
rElec    .         Harm     .   (no cloak)
rCorr    .         Rampage  .   (no gloves)
Will     .....                  (no boots)
Stlth    +.........             (no amulet)
HPRegen  0.12/turn              (no ring)
MPRegen  0.09/turn              (no ring)

@: lethally poisoned (-3 -> -6)
A: unfitting armour, cold-blooded, AC +5
a: no special abilities


You were on level 2 of the Dungeon.
You visited 1 branch of the dungeon, and saw 2 of its levels.

You collected 49 gold pieces.

Inventory:

Hand Weapons
 a - a +0 club (weapon)
Wands
 b - a wand of flame (10) (quivered)
 c - a wand of enslavement (15)
Scrolls
 e - a scroll of teleportation {unknown}
 f - 6 scrolls of identify {unknown}
 h - 2 scrolls of amnesia {unknown}
 j - 2 scrolls of remove curse {unknown}
 m - a scroll of magic mapping {unknown}
Potions
 g - a potion of ambrosia {unknown}
 i - a potion of mutation {unknown}
 k - a potion of berserk rage {unknown}
 l - a potion of lignification {unknown}


   Skills:
 + Level 2.0 Fighting
 * Level 2.0 Maces & Flails
 + Level 2.6 Dodging
 - Level 0.8 Stealth
 * Level 3.7 Evocations


You had 3 spell levels left.
You didn't know any spells.
Your spell library contained the following spells:

 Spells                   Type           Power        Failure   Level
 Freeze                   Ice            0%           34%         1
 Frozen Ramparts          Ice            0%           71%         3
 Ozocubu's Armour         Ice            0%           71%         3
 Hailstorm                Conj/Ice       0%           98%         4
 Summon Ice Beast         Ice/Summ       0%           98%         4


Dungeon Overview and Level Annotations

Branches:
Dungeon (2/15)

Altars:


Innate Abilities, Weirdness & Mutations

Your plain brown scales are hard. (AC +5)
You cannot fit into any form of body armour.
You are cold-blooded and may be slowed by cold attacks.


Message History

* * * LOW HITPOINT WARNING * * *
You feel sick.
Unknown command.
Unknown command.
Unknown command.
Unknown command.
* * * LOW HITPOINT WARNING * * *
You feel sick.
Unknown command.
Unknown command.
Unknown command.
The adder bites you.
* * * LOW HITPOINT WARNING * * *
Unknown command.
Unknown command.
* * * LOW HITPOINT WARNING * * *
You feel sick.
Unknown command.
The adder bites you.
You die...

### ....<. ...... #.##.# #....#
#.##.# #....# #.##[# #....# #####
####.##.# #....# ..... #######
##.##.##.###....##.#...
......#####..##.##...........#...
.......).......S@................
......#####..##.###.##...........
......# #..##.# #..#....#.#####
......# #..##.# ##.#....#.#
......# #####.# #..#####.#
......# #.# ##.#####.#### .......
#.. ...........# ...../..
########.##......# ######...
#.(...††.).....##


You could see an adder.

Vanquished Creatures
  Terence (D:2)
  An adder (D:2)
  2 dart slugs (D:1)
  3 leopard geckos
  6 bats (D:1)
  2 goblins (D:1)
  4 hobgoblins
  2 jackals (D:2)
  4 kobolds
  3 quokkas (D:2)
  9 rats
37 creatures vanquished.

Vanquished Creatures (others)
  3 plants (D:2)
  6 withered plants (D:2)
9 creatures vanquished.

Grand Total: 46 creatures vanquished

Notes
Turn   | Place    | Note
-------+----------+-------------------------------------------
     0 | D:1      | Zeld the Draconian Artificer began the quest for the Orb.
     0 | D:1      | Reached XP level 1. HP: 16/16 MP: 1/1
   164 | D:1      | Reached XP level 2. HP: 4/23 MP: 2/2
   590 | D:1      | Reached skill level 1 in Maces & Flails
  1089 | D:1      | Reached XP level 3. HP: 27/29 MP: 3/3
  1872 | D:2      | Noticed Terence
  1893 | D:2      | Killed Terence
  1894 | D:2      | Reached XP level 4. HP: 17/36 MP: 4/4
  2104 | D:2      | HP: 1/36 [poisoned by an adder]
  2106 | D:2      | Slain by an adder

Illustrated notes

Levels and vault maps discovered:
D:1:      roderic_octagonal_star, layout_loops_ring,
          hangedman_decor_diamond_cutter, minmay_misc_feat_room
D:2:      layout_basic, lemuel_round_altar,
          grunt_temple_overflow_growth_and_decay,
          chequers_ecumenical_altar_island, uniq_jessica, uniq_terence

Skill      XL: |  1  2  3  4 |
---------------+-------------+-----
Maces & Flails | 1 2 |  2.0
Fighting       | 2 |  2.0
Dodging        | |  2.6
Stealth        | |  0.8
Evocations     | |  3.7

Action                   |  1- 3 |  4- 6 || total
-------------------------+-------+-------++-------
Melee: Club              |   173 |    10 ||   183
       Tailslap          |    22 |     1 ||    23
Evoke: Wand              |     1 |     4 ||     5
Armor: Skin              |    72 |     5 ||    77
Dodge: Dodged            |   159 |     8 ||   167
